Map: Cactus Valley LE (Void)

Players

Bones - Winner!

  • Race: Protoss Protoss

Bop - Winner!

  • Race: Protoss Protoss

Geeden

  • Race: Terran Terran

GirlsJusWana

  • Race: Terran Terran

VOD

Have the link to the VOD?

Description

Time

  • Played on: May 2, 2015, 12:38 a.m.
  • Length: 9:38
Show
View Real Time Build Order
Export as new Build Order

Bones Protoss - Winner!

Build Orders: Oracle Opening, Oracle Opening, Phoenix Opening, Mass Adepts 

Get SALT Encoding   

  12  0:00  Probe  
  13  0:14  Pylon  
  13  0:18  Probe  
  14  0:32  Probe (Chrono Boost)  
  14  0:35  Gateway  
  15  0:42  Probe (Chrono Boost)  
  16  0:49  Probe  
  17  0:50  Assimilator  
  17  0:55  Assimilator  
  17  1:01  Probe (Chrono Boost)  
  19  1:12  Probe (Chrono Boost)  
  19  1:13  Pylon  
  19  1:19  Probe (Chrono Boost)  
  19  1:22  Cybernetics Core  
  20  1:30  Probe  
  21  1:44  Probe  
  22  1:59  Mothership Core (Chrono Boost)  
  22  2:00  Warp Gate  
  26  2:03  Adept (Chrono Boost)  
  26  2:10  Pylon  
  26  2:14  Probe (Chrono Boost)  
  27  2:21  Stargate  
  27  2:26  Probe  
  28  2:39  Probe  
  29  2:48  Nexus  
  29  2:56  Probe  
  30  3:04  Oracle (Chrono Boost)  
  33  3:11  Stalker  
  35  3:24  Probe  
  35  3:25  Forge  
  36  3:36  Probe  
  36  3:37  Pylon  
  37  3:49  Gateway  
  37  3:54  Probe  
  40  3:57  Phoenix (Chrono Boost)  
  40  4:02  Protoss Ground Weapons Level 1 (Chrono Boost)  
  40  4:05  Probe  
  41  4:16  Probe  
  42  4:17  Probe  
  42  4:22  Phoenix (Chrono Boost)  
  45  4:29  Probe  
  46  4:35  Probe  
  45  4:40  Photon Cannon  
  45  4:41  Probe  
  45  4:43  Phoenix (Chrono Boost)  
  48  4:50  Pylon  
  48  4:51  Probe  
  49  4:53  Probe  
  49  4:57  Adept x2  
  54  5:03  Probe, Phoenix  
  55  5:08  Photon Cannon  
  55  5:13  Probe  
  58  5:22  Probe  
  58  5:25  Probe  
  60  5:29  Phoenix  
  60  5:32  Twilight Council  
  60  5:35  Assimilator  
  62  5:40  Assimilator  
  58  5:52  Forge  
  58  5:53  Pylon  
  58  5:59  Phoenix  
  60  6:05  Probe x2 (Chrono Boost)  
  60  6:07  Pylon  
  60  6:11  Protoss Ground Weapons Level 2 (Chrono Boost)  
  62  6:18  Probe x2 (Chrono Boost)  
  64  6:23  Pylon  
  64  6:28  Protoss Shields Level 1 (Chrono Boost)  
  64  6:31  Gateway  
  64  6:32  Gateway  
  64  6:39  Probe  
  66  6:40  Probe  
  66  6:45  Shield Upgrade  
  60  6:58  Probe x2  
  62  7:16  Pylon  
  62  7:19  Gateway  
  62  7:21  Gateway  
  62  7:24  Gateway  
  62  7:26  Pylon, Oracle (Chrono Boost)  
  65  7:47  Adept x4  
  73  7:52  Pylon  
  73  8:04  Pylon  
  73  8:11  Adept x4  
  81  8:18  Pylon  
  81  8:23  Adept x2  
  85  8:27  Templar Archives  
  85  8:31  Adept  
  85  8:32  Adept x3  
  93  8:48  Adept x3  
  93  8:54  Adept x2  
  93  8:55  Adept  
  99  9:09  Adept x4  
  103  9:33  Adept x4  
Show
View Real Time Build Order
Export as new Build Order

Bop Protoss - Winner!

Build Orders:  

Get SALT Encoding   

  12  0:01  SCV  
  13  0:13  SCV  
  14  0:20  Supply Depot  
  14  0:25  SCV  
  15  0:41  SCV  
  16  0:43  Barracks  
  16  0:54  SCV  
  17  1:06  SCV  
  18  1:16  Command Center  
  18  1:20  SCV  
  19  1:27  Refinery  
  19  1:31  Marine  
  21  1:37  Orbital Command  
  20  1:45  Supply Depot  
  20  1:59  Marine  
  21  2:03  SCV, Refinery  
  22  2:15  SCV  
  23  2:17  Marine  
  24  2:29  SCV  
  25  2:35  Bunker, Orbital Command  
  25  2:36  Factory  
  25  2:37  Marine  
  25  2:41  SCV  
  27  2:53  SCV  
  27  2:58  Barracks Tech Lab  
  28  3:01  Factory  
  28  3:12  SCV x2  
  30  3:22  Marine  
  30  3:28  SCV x2  
  30  3:30  Hellion  
  34  3:38  Starport  
  34  3:40  SCV x2  
  36  3:48  Marine  
  37  3:51  Hellion  
  37  3:52  SCV x2, Hellion  
  43  4:04  SCV, Supply Depot  
  43  4:06  SCV  
  43  4:08  Supply Depot  
  44  4:16  Missile Turret x2  
  37  4:23  Widow Mine  
  37  4:24  Widow Mine  
  34  4:30  SCV x2  
  37  4:42  SCV x2  
  39  4:46  Command Center  
  39  4:54  SCV  
  39  4:55  SCV, Widow Mine x2  
  45  5:06  Medivac  
  47  5:11  SCV x2  
  48  5:33  Widow Mine x2  
  52  5:36  Viking  
  52  5:42  SCV  
  55  5:43  SCV  
  55  5:49  Factory  
  56  5:52  Command Center, Refinery  
  56  5:54  SCV, Refinery  
  57  6:04  Factory Tech Lab, Factory Reactor  
  57  6:06  Banshee, SCV  
  57  6:07  Orbital Command  
  61  6:14  SCV  
  62  6:18  SCV  
  62  6:25  Supply Depot  
  63  6:26  SCV, Armory  
  63  6:30  SCV  
  65  6:35  Orbital Command  
  65  6:36  Siege Tank  
  65  6:38  Factory Tech Lab, SCV  
  69  6:49  Hellion x2  
  71  6:57  Factory  
  71  6:59  Siege Tank  
  71  7:00  Raven  
  68  7:02  SCV x3  
  68  7:08  Missile Turret  
  71  7:12  Orbital Command  
  71  7:18  SCV  
  71  7:19  SCV  
  71  7:20  SCV  
  71  7:21  Command Center  
  74  7:26  Siege Tank  
  74  7:27  Hellbat  
  79  7:30  SCV  
  79  7:31  SCV, Missile Turret  
  79  7:36  Cloaking Field  
  78  7:41  Widow Mine  
  78  7:42  Widow Mine x2  
  80  7:44  SCV x2  
  78  7:51  SCV x2  
  78  7:56  SCV  
  78  7:57  Viking  
  82  8:04  Missile Turret  
  84  8:12  Siege Tank, Widow Mine  
  84  8:13  Siege Tank, Widow Mine x2  
  84  8:16  SCV x3  
  94  8:39  SCV  
  94  8:40  SCV x3, Refinery  
  81  9:01  Hellbat x2  
  81  9:02  Hellbat x3  
Show
View Real Time Build Order
Export as new Build Order

Geeden Terran 

Build Orders:  

Get SALT Encoding   

Show
View Real Time Build Order
Export as new Build Order

GirlsJusWana Terran 

Build Orders:  

Get SALT Encoding   

Tags
 
Add a new tag
Caveats
  • Supply blocks, unpowered buildings, or Contaminate may cause inaccurate times.
  • Supply counts are checked every 10 seconds.